TOP OF THE 1ST |
Vermont Lake Monsters batting - Pitching for Port Royal Disaster : LHP Magnus Scheving
|
Pitching: LHP Magnus Scheving
|
|
Batting: RHB Ryan Elmore
|
0-0: Called Strike 0-1: Foul Ball, location: 2F 0-2: Ball 1-2: SINGLE (Line Drive, 6D)
|
Batting: RHB Barry Dempsey
|
0-0: Ball 1-0: Called Strike 1-1: Foul Ball, location: 2F 1-2: Ball 2-2: Foul Ball, location: 2F 2-2: Ball 3-2: SINGLE (Groundball, 6D) Ryan Elmore to second
|
Batting: RHB Zelmar Barajas
|
0-0: Ball 1-0: DOUBLE (Line Drive, 78D) Ryan Elmore scores Barry Dempsey to third Runner from 3rd tries for Home, SAFE, no throw
|
Batting: RHB Augusto Encarnación
|
0-0: SINGLE (Groundball, 34D) Zelmar Barajas to third
|
Batting: RHB Jesús Orozco
|
0-0: Ball 1-0: Ball 2-0: Ball 3-0: Base on Balls Augusto Encarnación to second
|
Batting: LHB Luis Freitas
|
0-0: Called Strike 0-1: Ball 1-1: Ground out 4-3 (Groundball, 4D) Zelmar Barajas scores Augusto Encarnación to third Jesús Orozco to second
|
Batting: RHB José Alcalá
|
0-0: Ball 1-0: Called Strike 1-1: Fly out, F7 (Flyball, 7D) Runner from 3rd tags up, SCORES, no throw
|
Batting: LHB Brad Tillman
|
0-0: Called Strike 0-1: Ball 1-1: Swinging Strike 1-2: Strikes out looking
|
Top of the 1st over - 4 runs, 4 hits, 0 errors, 1 left on base; Vermont 4 - Port Royal 0 |
BOTTOM OF THE 1ST |
Port Royal Disaster batting - Pitching for Vermont Lake Monsters : RHP Javier Matajudíos
|
Pitching: RHP Javier Matajudíos
|
|
Batting: RHB Manuel Becerra
|
0-0: Called Strike 0-1: Foul Ball, location: 2F 0-2: Ball 1-2: Strikes out swinging
|
Batting: RHB David McJannett
|
0-0: Ball 1-0: Ball 2-0: SINGLE (Flyball, 89S)
|
Batting: RHB Gary Chalmers
|
0-0: Called Strike 0-1: Foul Ball, location: 2F 0-2: Ball David McJannett steals 2nd base 1-2: Strikes out swinging
|
Batting: RHB Marvin Hunter
|
0-0: Called Strike 0-1: Foul Ball, location: 2F 0-2: Ball 1-2: Ball 2-2: Ball 3-2: Ground out 5-3 (Groundball, 56S)
|
Bottom of the 1st over - 0 runs, 1 hit, 0 errors, 1 left on base; Vermont 4 - Port Royal 0 |
TOP OF THE 2ND |
Vermont Lake Monsters batting - Pitching for Port Royal Disaster : LHP Magnus Scheving
|
Batting: SHB Enrico Mejía
|
0-0: Ball 1-0: Fly out, F7 (Flyball, 78D)
|
Batting: RHB Ryan Elmore
|
0-0: Ball 1-0: Ball 2-0: Called Strike 2-1: Ground out 6-3 (Groundball, 6)
|
Batting: RHB Barry Dempsey
|
0-0: Ball 1-0: Ball 2-0: Ball 3-0: Called Strike 3-1: Called Strike 3-2: Strikes out swinging
|
Top of the 2nd over - 0 runs, 0 hits, 0 errors, 0 left on base; Vermont 4 - Port Royal 0 |
BOTTOM OF THE 2ND |
Port Royal Disaster batting - Pitching for Vermont Lake Monsters : RHP Javier Matajudíos
|
Batting: RHB Mark Melton
|
0-0: Foul Ball, location: 2F 0-1: Foul Ball, location: 2F 0-2: Ball 1-2: Ball 2-2: Ball 3-2: Fly out, F6 (Line Drive, 6)
|
Batting: RHB Loren Stallings
|
0-0: Ball 1-0: Foul Ball, location: 2F 1-1: Foul Ball, location: 2F 1-2: Ball 2-2: SINGLE (Line Drive, 7LM)
|
Batting: LHB Ricky Payton
|
0-0: Called Strike 0-1: Foul Ball, location: 2F 0-2: Strikes out swinging
|
Batting: RHB Pedro Longoria
|
0-0: Called Strike 0-1: Foul Ball, location: 2F 0-2: Ball 1-2: Strikes out swinging
|
Bottom of the 2nd over - 0 runs, 1 hit, 0 errors, 1 left on base; Vermont 4 - Port Royal 0 |
TOP OF THE 3RD |
Vermont Lake Monsters batting - Pitching for Port Royal Disaster : LHP Magnus Scheving
|
Batting: RHB Zelmar Barajas
|
0-0: Fly out, F8 (Line Drive, 89D)
|
Batting: RHB Augusto Encarnación
|
0-0: Ball 1-0: SINGLE (Line Drive, 7LM)
|
Batting: RHB Jesús Orozco
|
0-0: Ball 1-0: Fly out, F9 (Flyball, 9S)
|
Batting: LHB Luis Freitas
|
0-0: Called Strike 0-1: Reached on error, E4 (Groundball, 4) Augusto Encarnación to third
|
Batting: RHB José Alcalá
|
0-0: Fly out, F8 (Flyball, 89D)
|
Top of the 3rd over - 0 runs, 1 hit, 1 error, 2 left on base; Vermont 4 - Port Royal 0 |
BOTTOM OF THE 3RD |
Port Royal Disaster batting - Pitching for Vermont Lake Monsters : RHP Javier Matajudíos
|
Batting: LHB António Quintero
|
0-0: Called Strike 0-1: Ball 1-1: Foul Ball, location: 2F 1-2: Ball 2-2: Ball 3-2: Foul Ball, location: 2F 3-2: Strikes out swinging
|
Batting: RHB Manuel Becerra
|
0-0: Foul Ball, location: 2F 0-1: Ball 1-1: Ball 2-1: Ball 3-1: Called Strike 3-2: Base on Balls
|
Batting: RHB David McJannett
|
0-0: Foul Ball, location: 2F 0-1: Ball 1-1: Ball 2-1: Ball Pickoff Throw to First - Error! E1 Manuel Becerra to second 3-1: Foul Ball, location: 2F 3-2: Foul Ball, location: 2F 3-2: Foul Ball, location: 2F 3-2: SINGLE (Groundball, 56D) Manuel Becerra to third Runner from 3rd tries for Home, SAFE, throw made home
|
Batting: RHB Gary Chalmers
|
0-0: Ball 1-0: Called Strike 1-1: Ball 2-1: Ball 3-1: Swinging Strike 3-2: Foul Ball, location: 2F 3-2: Strikes out swinging
|
Batting: RHB Marvin Hunter
|
0-0: Ball 1-0: Ball 2-0: Called Strike 2-1: Ball 3-1: Base on Balls David McJannett to second
|
Batting: RHB Mark Melton
|
0-0: Foul Ball, location: 2F 0-1: Called Strike 0-2: Foul Ball, location: 2F 0-2: Ground out 4-3 (Groundball, 4M)
|
Bottom of the 3rd over - 1 run, 1 hit, 1 error, 2 left on base; Vermont 4 - Port Royal 1 |
TOP OF THE 4TH |
Vermont Lake Monsters batting - Pitching for Port Royal Disaster : LHP Magnus Scheving
|
Batting: LHB Brad Tillman
|
0-0: Foul Ball, location: 2F 0-1: Called Strike 0-2: Ball 1-2: Ball 2-2: SOLO HOME RUN (Flyball, 9LD), Distance : 355 ft
|
Batting: SHB Enrico Mejía
|
0-0: Called Strike 0-1: Foul Ball, location: 2F 0-2: Ball 1-2: Foul Ball, location: 2F 1-2: Ball 2-2: Strikes out looking
|
Batting: RHB Ryan Elmore
|
0-0: Ball 1-0: Foul Ball, location: 2F 1-1: Fly out, F8 (Line Drive, 89D)
|
Batting: RHB Barry Dempsey
|
0-0: Swinging Strike 0-1: SINGLE (Groundball, 56D)
|
Batting: RHB Zelmar Barajas
|
0-0: Ball 1-0: SINGLE (Groundball, 4MD) Barry Dempsey to second
|
Batting: RHB Augusto Encarnación
|
0-0: Fielders Choice at 2nd, 5-4 (Groundball, 5)
|
Top of the 4th over - 1 run, 3 hits, 0 errors, 2 left on base; Vermont 5 - Port Royal 1 |
BOTTOM OF THE 4TH |
Port Royal Disaster batting - Pitching for Vermont Lake Monsters : RHP Javier Matajudíos
|
Batting: RHB Loren Stallings
|
0-0: Called Strike 0-1: DOUBLE (Line Drive, 89D)
|
Batting: LHB Ricky Payton
|
0-0: Ball 1-0: Fly out, F8 (Flyball, 89D) Runner from 2nd tags up, SAFE at 3rd, no throw
|
Batting: RHB Pedro Longoria
|
0-0: Foul Ball, location: 2F 0-1: Ball 1-1: Foul Ball, location: 2F 1-2: Ball 2-2: Foul Ball, location: 2F 2-2: Ball 3-2: Foul Ball, location: 2F 3-2: Base on Balls
|
Batting: LHB António Quintero
|
0-0: Called Strike 0-1: Ball 1-1: Ball 2-1: Foul Ball, location: 2F 2-2: Foul Ball, location: 2F 2-2: Fielders Choice at 2nd, 4-6 (Groundball, 4) Loren Stallings scores
|
Batting: RHB Manuel Becerra
|
0-0: Swinging Strike 0-1: Called Strike 0-2: Ball António Quintero steals 2nd base 1-2: Ball 2-2: Foul Ball, location: 2F 2-2: Ball 3-2: Base on Balls
|
Batting: RHB David McJannett
|
0-0: Called Strike 0-1: Ball 1-1: SINGLE (Groundball, 6MD) António Quintero to third Manuel Becerra to second Runner from 3rd tries for Home, SAFE, throw made home
|
Batting: RHB Gary Chalmers
|
0-0: Ball 1-0: Ball 2-0: Foul Ball, location: 2F 2-1: Ball 3-1: Base on Balls Manuel Becerra to third David McJannett to second
|
Batting: RHB Marvin Hunter
|
0-0: Called Strike 0-1: Fly out, F9 (Flyball, 89D)
|
Bottom of the 4th over - 2 runs, 2 hits, 0 errors, 3 left on base; Vermont 5 - Port Royal 3 |
TOP OF THE 5TH |
Vermont Lake Monsters batting - Pitching for Port Royal Disaster : LHP Magnus Scheving
|
Batting: RHB Jesús Orozco
|
0-0: Ball 1-0: Called Strike 1-1: SINGLE (Groundball, 56D)
|
Pitching: RHP Dave Tomlinson
|
|
Batting: LHB Luis Freitas
|
0-0: Ball 1-0: Sac Bunt - play at first, batter OUT! U3 Jesús Orozco to second
|
Batting: RHB José Alcalá
|
0-0: Swinging Strike 0-1: Called Strike 0-2: Foul Ball, location: 2F 0-2: Strikes out looking
|
Batting: LHB Brad Tillman
|
0-0: Called Strike 0-1: Swinging Strike 0-2: Ball 1-2: Foul Ball, location: 2F 1-2: Foul Ball, location: 2F 1-2: Foul Ball, location: 2F 1-2: Ball 2-2: Ball 3-2: Strikes out looking
|
Top of the 5th over - 0 runs, 1 hit, 0 errors, 1 left on base; Vermont 5 - Port Royal 3 |
BOTTOM OF THE 5TH |
Port Royal Disaster batting - Pitching for Vermont Lake Monsters : RHP Javier Matajudíos
|
Batting: RHB Mark Melton
|
0-0: Ball 1-0: Foul Ball, location: 2F 1-1: Ball 2-1: Foul Ball, location: 2F 2-2: SINGLE (Line Drive, 9S)
|
Pitching: RHP Ricardo DePay
|
|
Batting: RHB Loren Stallings
|
0-0: Bunted foul 0-1: Bunted foul 0-2: Ball 1-2: Ball 2-2: Ball 3-2: Base on Balls Mark Melton to second
|
Batting: LHB Ricky Payton
|
0-0: Sac Bunt - play at first, batter OUT! 3-4 Mark Melton to third Loren Stallings to second
|
Batting: RHB Pedro Longoria
|
0-0: Ball 1-0: Foul Ball, location: 2F 1-1: Swinging Strike 1-2: Strikes out swinging
|
Batting: LHB António Quintero
|
0-0: Ball 1-0: Ball 2-0: Ball 3-0: Called Strike 3-1: Base on Balls
|
Batting: RHB Manuel Becerra
|
0-0: Ball 1-0: Ball 2-0: Ball 3-0: Base on Balls Mark Melton scores Loren Stallings to third António Quintero to second
|
Batting: RHB David McJannett
|
0-0: Called Strike 0-1: Ball 1-1: Swinging Strike 1-2: Ball 2-2: Strikes out swinging
|
Bottom of the 5th over - 1 run, 1 hit, 0 errors, 3 left on base; Vermont 5 - Port Royal 4 |
TOP OF THE 6TH |
Vermont Lake Monsters batting - Pitching for Port Royal Disaster : RHP Dave Tomlinson
|
Batting: SHB Enrico Mejía
|
0-0: Ball 1-0: Foul Ball, location: 2F 1-1: Ball 2-1: Swinging Strike 2-2: Strikes out looking
|
Batting: RHB Ryan Elmore
|
0-0: Foul Ball, location: 2F 0-1: Ball 1-1: Called Strike 1-2: Ball 2-2: Foul Ball, location: 2F 2-2: Ground out 4-3 (Groundball, 4)
|
Batting: RHB Barry Dempsey
|
0-0: Fly out, F9 (Flyball, 89M)
|
Top of the 6th over - 0 runs, 0 hits, 0 errors, 0 left on base; Vermont 5 - Port Royal 4 |
BOTTOM OF THE 6TH |
Port Royal Disaster batting - Pitching for Vermont Lake Monsters : RHP Ricardo DePay
|
Batting: RHB Gary Chalmers
|
0-0: Called Strike 0-1: Ball 1-1: Foul Ball, location: 2F 1-2: Ball 2-2: Ball 3-2: Foul Ball, location: 2F 3-2: Base on Balls
|
Batting: RHB Marvin Hunter
|
0-0: Swinging Strike 0-1: Ball 1-1: Foul Ball, location: 2F 1-2: Strikes out looking
|
Batting: RHB Mark Melton
|
0-0: Called Strike 0-1: Ball 1-1: Foul Ball, location: 2F 1-2: Foul Ball, location: 2F 1-2: Ball 2-2: Strikes out swinging
|
Batting: RHB Loren Stallings
|
0-0: Called Strike 0-1: Called Strike 0-2: Ball 1-2: Ball 2-2: Strikes out swinging
|
Bottom of the 6th over - 0 runs, 0 hits, 0 errors, 1 left on base; Vermont 5 - Port Royal 4 |
TOP OF THE 7TH |
Vermont Lake Monsters batting - Pitching for Port Royal Disaster : RHP Dave Tomlinson
|
Batting: RHB Zelmar Barajas
|
0-0: Ball 1-0: Called Strike 1-1: Called Strike 1-2: Ground out U3 (Groundball, 34)
|
Batting: RHB Augusto Encarnación
|
0-0: Ball 1-0: Fly out, F7 (Flyball, 7)
|
Batting: RHB Jesús Orozco
|
0-0: Called Strike 0-1: Called Strike 0-2: Ball 1-2: Ball 2-2: Strikes out looking
|
Top of the 7th over - 0 runs, 0 hits, 0 errors, 0 left on base; Vermont 5 - Port Royal 4 |
BOTTOM OF THE 7TH |
Port Royal Disaster batting - Pitching for Vermont Lake Monsters : RHP Ricardo DePay
|
Batting: LHB Ricky Payton
|
0-0: Ball 1-0: Foul Ball, location: 2F 1-1: Foul Ball, location: 2F 1-2: Ball 2-2: Fly out, F7 (Flyball, 78S)
|
Batting: RHB Pedro Longoria
|
0-0: Ball 1-0: Ball 2-0: Ball 3-0: Called Strike 3-1: SINGLE (Flyball, 8LS)
|
Pinch Hitting: LHB Rubén López
|
0-0: Ball Pedro Longoria steals 2nd base 1-0: Reached on error, E3 (Groundball, 3) Pedro Longoria to third
|
Batting: RHB Manuel Becerra
|
0-0: Ball 1-0: Ball 2-0: Ball 3-0: Called Strike 3-1: Base on Balls Rubén López to second
|
Batting: RHB David McJannett
|
0-0: Ball 1-0: Ball 2-0: Ball 3-0: Base on Balls Pedro Longoria scores Rubén López to third Manuel Becerra to second
|
Batting: RHB Gary Chalmers
|
0-0: Fly out, F9 (Line Drive, 9D) Runner from 3rd tags up, SCORES, throw made Manuel Becerra to third
|
Batting: RHB Marvin Hunter
|
0-0: Called Strike 0-1: Ball 1-1: Ball 2-1: Fly out, F9 (Flyball, 89D)
|
Bottom of the 7th over - 2 runs, 1 hit, 1 error, 2 left on base; Vermont 5 - Port Royal 6 |
TOP OF THE 8TH |
Vermont Lake Monsters batting - Pitching for Port Royal Disaster : RHP Dave Tomlinson
|
Now at C: Brandon Cooper
|
|
Now at 1B: Rubén López
|
|
Batting: LHB Luis Freitas
|
0-0: Fly out, F8 (Flyball, 8RD)
|
Batting: RHB José Alcalá
|
0-0: Ball 1-0: Ball 2-0: Swinging Strike 2-1: Fly out, F8 (Flyball, 8RXD)
|
Batting: LHB Brad Tillman
|
0-0: Ball 1-0: Ball 2-0: Ball 3-0: Base on Balls
|
Pitching: RHP Miguel Hernández
|
|
Batting: SHB Enrico Mejía
|
0-0: Ball 1-0: Ball 2-0: Ball 3-0: Called Strike 3-1: Foul Ball, location: 2F 3-2: Foul Ball, location: 2F 3-2: Foul Ball, location: 2F 3-2: Base on Balls Brad Tillman to second
|
Pinch Runner at 2nd Rafael Pueblo:
|
|
Pinch Hitting: LHB Gilberto Jiménez
|
0-0: Ball 1-0: Ball 2-0: Ball 3-0: Base on Balls Rafael Pueblo to third Enrico Mejía to second
|
Batting: RHB Barry Dempsey
|
0-0: Ball 1-0: Swinging Strike 1-1: SINGLE (Line Drive, 3) Rafael Pueblo scores Enrico Mejía to third Gilberto Jiménez to second
|
Pinch Hitting: LHB Chris Gregory
|
0-0: Foul Ball, location: 2F 0-1: Foul Ball, location: 2F 0-2: Ball 1-2: Ball 2-2: Ball 3-2: Foul Ball, location: 2F 3-2: Base on Balls Enrico Mejía scores Gilberto Jiménez to third Barry Dempsey to second
|
Batting: RHB Augusto Encarnación
|
0-0: Ball 1-0: Ball 2-0: Ground out 4-3 (Groundball, 4)
|
Top of the 8th over - 2 runs, 1 hit, 0 errors, 3 left on base; Vermont 7 - Port Royal 6 |
BOTTOM OF THE 8TH |
Port Royal Disaster batting - Pitching for Vermont Lake Monsters : RHP Ricardo DePay
|
Now at 1B: Gilberto Jiménez
|
|
Now at SS: Barkley B. Cooltimes
|
|
Now in LF: Chris Gregory
|
|
Batting: RHB Mark Melton
|
0-0: Ball 1-0: Called Strike 1-1: Foul Ball, location: 2F 1-2: Foul Ball, location: 2F 1-2: Strikes out looking
|
Batting: RHB Loren Stallings
|
0-0: Ground out 6-3 (Groundball, 6)
|
Batting: LHB Ricky Payton
|
0-0: Swinging Strike 0-1: Ball 1-1: Ball 2-1: Ball 3-1: Base on Balls
|
Batting: RHB Pedro Longoria
|
0-0: Ball 1-0: Foul Ball, location: 2F 1-1: Foul Ball, location: 2F 1-2: Foul Ball, location: 2F 1-2: Ball Wild Pitch! Ricky Payton to second 2-2: Ground out 6-3 (Groundball, 6S)
|
Bottom of the 8th over - 0 runs, 0 hits, 0 errors, 1 left on base; Vermont 7 - Port Royal 6 |
TOP OF THE 9TH |
Vermont Lake Monsters batting - Pitching for Port Royal Disaster : RHP Miguel Hernández
|
Pitching: RHP Will Moore
|
|
Batting: RHB Jesús Orozco
|
0-0: Ball 1-0: Ground out 4-3 (Groundball, 4M)
|
Batting: LHB Luis Freitas
|
0-0: Ball 1-0: Ball 2-0: SINGLE (Line Drive, 4MD)
|
Batting: RHB José Alcalá
|
0-0: Ball Luis Freitas steals 2nd base 1-0: Ball 2-0: Called Strike 2-1: Called Strike 2-2: Ball 3-2: Foul Ball, location: 2F 3-2: Base on Balls
|
Batting: RHB Barkley B. Cooltimes
|
0-0: Ball 1-0: Called Strike 1-1: Called Strike 1-2: Ball 2-2: Grounds into double play, 5-4-3 (Groundball, 56)
|
Top of the 9th over - 0 runs, 1 hit, 0 errors, 1 left on base; Vermont 7 - Port Royal 6 |
TOP OF THE 10TH |
Vermont Lake Monsters batting - Pitching for Port Royal Disaster : RHP Will Moore
|
Batting: SHB Enrico Mejía
|
0-0: Ground out 4-3 (Groundball, 4)
|
Batting: LHB Gilberto Jiménez
|
0-0: Called Strike 0-1: Foul Ball, location: 2F 0-2: Ball 1-2: Ball 2-2: Ball 3-2: Fly out, F5 (Popup, 5SF)
|
Batting: RHB Barry Dempsey
|
0-0: Called Strike 0-1: Foul Ball, location: 2F 0-2: Ball 1-2: Foul Ball, location: 2F 1-2: Strikes out swinging
|
Top of the 10th over - 0 runs, 0 hits, 0 errors, 0 left on base; Vermont 7 - Port Royal 7 |
BOTTOM OF THE 10TH |
Port Royal Disaster batting - Pitching for Vermont Lake Monsters : LHP Cherles Gachineiro
|
Pitching: RHP Bryan Boyd
|
|
Batting: LHB Ricky Payton
|
0-0: Called Strike 0-1: Foul Ball, location: 2F 0-2: Foul Ball, location: 2F 0-2: Fly out, F9 (Flyball, 9S)
|
Batting: RHB Pedro Longoria
|
0-0: Called Strike 0-1: SINGLE (Line Drive, 78S)
|
Batting: LHB Rubén López
|
0-0: Called Strike Pedro Longoria steals 2nd base 0-1: Called Strike 0-2: Strikes out swinging
|
Batting: RHB Manuel Becerra
|
0-0: Ball 1-0: Ball 2-0: Ball 3-0: Called Strike 3-1: Base on Balls
|
Batting: RHB David McJannett
|
0-0: Foul Ball, location: 2F 0-1: Ball 1-1: Ball 2-1: Swinging Strike 2-2: SINGLE (Groundball, 56D) Pedro Longoria to third Manuel Becerra to second Runner from 3rd tries for Home, SAFE, no throw
|
Tuesday, December 19th, 2017 - OOTP Baseball 18.8 Build 76
|
|